 Dungeon Crawl Stone Soup version 0.17-a0-1945-gfe993df (webtiles) character file.

801 ololoev the Slasher (level 7, -1/49 HPs)
             Began as a High Elf Berserker on Sept 30, 2015.
             Was a Follower of Trog.
             Slain by a wasp (4 damage)
             ... on level 9 of the Dungeon.
             The game lasted 00:09:11 (1203 turns).

ololoev the Slasher (High Elf Berserker)            Turns: 1203, Time: 00:09:12

Health: -1/49      AC: 12    Str: 18    XL:     7   Next: 59%
Magic:  10/10      EV:  6    Int: 15    God:    Trog [*.....]
Gold:   194        SH:  0    Dex: 14    Spells: 0 memorised, 6 levels left

rFire  . . .     SeeInvis .     a - +0 falchion
rCold  . . .     Clarity  .     m - +0 plate armour
rNeg   . . .     SustAt   .     (no shield)
rPois  +         Gourm    .     i - +0 helmet
rElec  .         Spirit   .     (no cloak)
rCorr  .         Warding  .     (no gloves)
rMut   .         Stasis   .     (no boots)
MR     .....                    (no amulet)
Stlth  ..........               (no ring)
                                (no ring)

@: brilliant, exhausted, slowed, very slow, not resistant to hostile
enchantments, extremely unstealthy
A: clumsy 1, poison resistance, subdued magic 1
a: Burn Spellbooks, Berserk, Renounce Religion


Innate Abilities, Weirdness & Mutations

You are clumsy. (Dex -2)
Your system is resistant to poisons.
Your spells are a little easier to cast, but a little less powerful.

Inventory:

Hand weapons
 a - a +0 falchion (weapon)
Armour
 i - a +0 helmet (worn)
 m - a +0 plate armour (worn)
Jewellery
 n - an uncursed ring of ice
Magical devices
 e - a wand of fireball (0)
 g - a wand of fireball (0)
Scrolls
 d - 3 scrolls of identify {unknown}
 f - a scroll of immolation {unknown}
 h - 2 scrolls of teleportation {unknown}
Potions
 k - a potion of flight
Comestibles
 c - 7 chunks of flesh
 o - 4 mutagenic chunks of flesh


   Skills:
 + Level 4.6 Fighting
 * Level 7.1 Long Blades
 + Level 3.6 Armour
 - Level 3.5 Dodging
 + Level 3.2 Evocations


You had 6 spell levels left.
You didn't know any spells.


You were on level 9 of the Dungeon.
You worshipped Trog.
Trog was aware of your devotion.
You were very hungry.

You visited 2 branches of the dungeon, and saw 10 of its levels.

You collected 194 gold pieces.

..####+#
#......+
#......#
......# .....#
#...#
##.##..y##+####
.......@.......
...............
...............
...............
...............
...............
...............
...##......###+

Notes
Turn   | Place    | Note
--------------------------------------------------------------
     0 | D:1      | ololoev the High Elf Berserker began the quest for the Orb.
     0 | D:1      | Reached XP level 1. HP: 16/16 MP: 2/2
    13 | D:2      | Reached XP level 2. HP: 15/21 MP: 3/3
    88 | D:2      | Found a glowing silver altar of Zin.
   152 | D:2      | Reached skill level 4 in Long Blades
   343 | D:4      | Reached XP level 3. HP: 26/26 MP: 4/4
   389 | D:4      | Reached skill level 1 in Evocations
   452 | D:4      | Reached XP level 4. HP: 31/31 MP: 4/6
   471 | D:4      | Found an opulent altar of Gozag.
   567 | D:5      | Entered Level 5 of the Dungeon
   603 | D:5      | Found an opulent altar of Gozag.
   633 | D:5      | Noticed a phantom
   644 | D:5      | Killed a phantom
   644 | D:5      | Reached skill level 5 in Long Blades
   644 | D:5      | Reached XP level 5. HP: 37/37 MP: 7/7
   654 | D:6      | Found a staircase to the Ecumenical Temple.
   708 | Temple   | Entered the Ecumenical Temple
   851 | D:6      | Noticed an ice beast
   873 | D:6      | Killed an ice beast
   873 | D:6      | Reached XP level 6. HP: 18/43 MP: 8/8
  1092 | D:7      | Reached skill level 6 in Long Blades
  1158 | D:8      | Noticed a wyvern
  1168 | D:8      | Killed a wyvern
  1168 | D:8      | Reached XP level 7. HP: 8/49 MP: 8/10
  1172 | D:8      | Acquired Trog's second power
  1182 | D:8      | Reached skill level 7 in Long Blades
  1201 | D:9      | Gained mutation: Your system is resistant to poisons. [potion of mutation]
  1201 | D:9      | Gained mutation: You are clumsy. (Dex -2) [potion of mutation]
  1201 | D:9      | Gained mutation: Your spells are a little easier to cast, but a little less powerful. [potion of mutation]
  1203 | D:9      | Slain by a wasp

Dungeon Overview and Level Annotations

Branches:
Dungeon (9/15)             Temple (1/1) D:6
   Lair: D:8-11         Orc: D:9-12

Altars:
Dithmenos
Fedhas
Gozag
Kikubaaqudgha
Nemelex Xobeh
Okawaru
Sif Muna
Vehumet
Zin
The Shining One


Message History

You butcher the centaur corpse.
You enjoyed that.
You feel the effects of Trog's Hand fading.
You are no longer berserk.
Trog's vigour flows through your veins.
You are exhausted.
You feel yourself slow down.
You are feeling very hungry.
c - 7 chunks of flesh (gained 4)
Things that are here:
an uncursed shortbow; 21 arrows; a centaur skeleton An orc comes into view.
It is wielding a dagger.
Eat one of 7 chunks of flesh? (ye/n/q/i?)
Okay, then.
There is a stone staircase leading down here.
Your skin stops crawling.
You feel less resistant to hostile enchantments.
You climb downwards.
A wasp comes into view.
There is a stone staircase leading up here.
Drink which item? (? for menu, Esc to quit)
Okay, then.
You miss the wasp. The wasp barely misses you. The wasp closely misses you.
You miss the wasp. The wasp stings you!
You feel as though you will be slow longer.
The wasp closely misses you.
You hit the wasp but do no damage. The wasp stings you.
You feel as though you will be slow longer.
The wasp stings you but does no damage.
Drink which item? (? for menu, Esc to quit)
It was a potion of mutation.
You feel extremely strange.
You feel resistant to poisons.
You feel clumsy.
Your connection to magic feels subdued.
The wasp barely misses you. The wasp stings you but does no damage.
Drink which item? (? for menu, Esc to quit)
It was a potion of poison.
You feel slightly nauseous. The wasp stings you. The wasp stings you.
Drink which item? (? for menu, Esc to quit)
It was a potion of brilliance.
You feel clever all of a sudden. The wasp stings you. x2
You die...

You could see a wasp.

Vanquished Creatures
  A wyvern (D:8)
  An ice beast (D:6)
  A phantom (D:5)
  A centaur (D:8)
  A giant frog (D:7)
  A quasit (D:6)
  A crimson imp (D:7)
  2 orc priests
  3 orc wizards
  A hound skeleton (D:4)
  3 adders
  4 orcs
  4 giant cockroaches (D:4)
  A goblin (D:2)
  2 hobgoblins (D:3)
  A bat (D:2)
28 creatures vanquished.

Vanquished Creatures (others)
  A sky beast (D:8)
1 creature vanquished.

Grand Total: 29 creatures vanquished

Action                   |  1- 3 |  4- 6 |  7- 9 || total
-------------------------+-------+-------+-------++-------
Melee: Falchion          |    64 |   103 |     8 ||   175
Invok: Berserk           |     3 |     3 |     1 ||     7
       Burn Spellbooks   |       |     1 |       ||     1
       Trog's Hand       |       |       |     2 ||     2
Evoke: Wand              |       |     2 |     4 ||     6
  Use: Potion            |       |     2 |     3 ||     5
 Stab: Sleeping          |     1 |       |       ||     1
  Eat: Chunk             |     1 |     2 |       ||     3
       Bread ration      |       |     1 |       ||     1

Vault maps used:
D:1:      dpeg_arrival_simpleton_b, feat_on_display
D:2:      lemuel_round_altar, first_bread
D:3:      lemuel_round_altar
D:4:      nicolae_gozag_cash_rules_everything_around_me, gup_sewer_entry_bowl,
          kennysheep_potato
D:5:      nicolae_overflow_crystal_walls, basic_altar
D:6:      lemuel_round_altar, minmay_temple_entry_grid
D:7:      lemuel_coloured_pillars_altar, lemuel_crystal_altar, grunt_livestock
D:8:      nicolae_ru_path_of_blood, overflow_temple_1_default,
          old_standard_altar, lemuel_round_altar, grunt_decor_arrowhead
D:9:      minmay_lair_entry_grove, zombieorc2_lemuel
Temple:   minmay_temple_curvy_8
